 Dungeon Crawl Stone Soup version 0.28-a0-863-g8cecda6153 (webtiles) character file.

Game seed: 3706139400830463437

18167 Htamos the Protected (level 11, -12/145 HPs)
             Began as a Demigod Fighter on Nov 17, 2021.
             Mangled by a komodo dragon (17 damage)
             ... on level 1 of the Lair of Beasts.
             The game lasted 00:30:27 (14540 turns).

Htamos the Protected (Demigod Fighter)             Turns: 14540, Time: 00:30:28

Health: -12/145    AC: 18    Str: 23    XL:     11   Next: 99%
Magic:  14/14      EV: 17    Int: 10    God:
Gold:   784        SH:  0    Dex: 17    Spells: 10/10 levels left

rFire   + + .      SeeInvis .   g - +3 dire flail (drain)
rCold   x . .      Faith    .   (shield currently unavailable)
rNeg    . . .      Spirit   .   C - +5 ring mail "Enaamaki" {rPois rF+ Str-2}
rPois   +          Reflect  .   w - +2 helmet
rElec   .          Harm     .   (no cloak)
rCorr   .          Rampage  .   k - +2 pair of gloves
Will    +....                   (no boots)
Stlth   ..........              (no amulet)
HPRegen 0.34/turn               l - ring of fire
MPRegen 0.14/turn               i - +4 ring of evasion

@: berserking (expiring), lethally poisoned (-12 -> -15), flying, very quick
A: high mp 1, forlorn
a: no special abilities


You were on level 1 of the Lair of Beasts.
You visited 2 branches of the dungeon, and saw 13 of its levels.

You collected 784 gold pieces.

Inventory:

Hand Weapons
 a - a +0 flail
 d - a +0 flail of draining
 g - a +3 dire flail of draining (weapon)
 p - a +3 flail
 K - the +10 long sword "Jusoprem" {drain, Will+}
   (You found it on level 10 of the Dungeon)

   A truly terrible weapon, it drains the life of any living foe it strikes.
   Will:      It increases your willpower.
Missiles
 q - 5 throwing nets (quivered)
 u - 7 boomerangs
Armour
 b - a +0 scale mail
 c - a +0 buckler
 e - a +1 chain mail
 k - a +2 pair of gloves (worn)
 o - a +0 buckler
 w - a +2 helmet (worn)
 x - the +4 scale mail of the Vestibule of Hell {SInv}
   (You took it off an orc on level 6 of the Dungeon)

   SInv:      It lets you see invisible.
 C - the +5 ring mail "Enaamaki" (worn) {rPois rF+ Str-2}
   (You found it on level 7 of the Dungeon)

   Str:       It affects your strength (-2).
   rF:        It protects you from fire.
   rPois:     It protects you from poison.
 D - a +0 plate armour
 F - +0 acid dragon scales
 G - the +1 helmet "Ximpame" {Int+3 Dex+4}
   (You found it on level 10 of the Dungeon)

   Int:       It affects your intelligence (+3).
   Dex:       It affects your dexterity (+4).
 O - a +1 pair of gloves
Jewellery
 f - an amulet of magic regeneration
 i - a +4 ring of evasion (right hand)
 l - a ring of fire (left hand)
 H - a ring of see invisible
 I - an amulet of reflection
Wands
 h - a wand of flame (81)
 r - a wand of polymorph (7)
 t - a wand of iceblast (8)
 M - a wand of paralysis (13)
Scrolls
 j - 3 scrolls of identify {@rr}
 n - 3 scrolls of amnesia
 v - a scroll of magic mapping {unknown}
 y - 2 scrolls of noise {unknown}
 A - a scroll of vulnerability {unknown}
 E - a scroll of fear {unknown}
Potions
 s - a potion of haste {unknown}
 B - 2 potions of brilliance
Miscellaneous
 m - a piece from Xom's chessboard (15/15)


   Skills:
 + Level 9.1 Fighting
 + Level 8.9 Maces & Flails
 + Level 9.1 Armour
 + Level 5.2 Dodging
 + Level 9.1 Shields
 - Level 5.0 Evocations


You had 10 spell levels left.
You didn't know any spells.
Your spell library contained the following spells:

 Spells                   Type           Power      Damage    Failure   Level
 Sandblast                Erth           0%         2d4       50%         1
 Slow                     Hex            0%         N/A       50%         1
 Passwall                 Tmut/Erth      0%         N/A       63%         2
 Sublimation of Blood     Necr           0%         N/A       63%         2
 Wereblood                Tmut           0%         N/A       63%         2
 Call Canine Familiar     Summ           0%         N/A       86%         3
 Confusing Touch          Hex            0%         N/A       86%         3
 Ignite Poison            Fire/Tmut/Pois 0%         N/A       86%         3
 Mephitic Cloud           Conj/Pois/Air  0%         N/A       86%         3
 Portal Projectile        Hex/Tloc       0%         N/A       86%         3
 Stone Arrow              Conj/Erth      0%         3d7       86%         3
 Tukima's Dance           Hex            0%         N/A       86%         3
 Vampiric Draining        Necr           0%         2d6       86%         3
 Leda's Liquefaction      Hex/Erth       0%         N/A       99%         4
 Passage of Golubria      Tloc           0%         N/A       99%         4
 Petrify                  Tmut/Erth      0%         N/A       99%         4
 Freezing Cloud           Conj/Ice/Air   0%         6-21      100%        5
 Irradiate                Conj/Tmut      0%         3d13      100%        5
 Yara's Violent Unravell  Hex/Tmut       0%         3d3       100%        5
 Summon Hydra             Summ           0%         N/A       100%        7


Dungeon Overview and Level Annotations

Branches:
Dungeon (12/15)            Temple (0/1) D:7            Lair (1/6) D:9
    Orc (0/2) D:11

Annotations:
D:3 Eustachio


Innate Abilities, Weirdness & Mutations

Your attributes grow dramatically as you level up.
You have an increased reservoir of magic. (+10% MP)
You shall have no god before yourself.


Message History

* * * LOW HITPOINT WARNING * * *
The yak gores you but does no damage.
You barely miss the black mamba.
The black mamba is moderately wounded.
You feel sick.
The black mamba splashes around in the water.
The yak barely misses you. The yak gores you.
* * * LOW HITPOINT WARNING * * *
You closely miss the black mamba.
The black mamba is moderately wounded.
You feel sick. The black mamba misses you. The yak misses you.
The komodo dragon misses you.
You closely miss the black mamba.
The black mamba is moderately wounded.
You feel sick. The black mamba completely misses you.
The yak completely misses you. The yak gores you but does no damage.
You miss the black mamba.
The black mamba is moderately wounded.
You feel sick.
The black mamba splashes around in the water.
The yak gores you.
* * * LOW HITPOINT WARNING * * *
The komodo dragon bites you!!
* * * LOW HITPOINT WARNING * * *
You are too berserk!
You miss the black mamba.
The black mamba is moderately wounded.
You feel sick. The black mamba closely misses you.
The yak closely misses you. x2
The yak misses you. The black mamba barely misses you.
The komodo dragon bites you but does no damage.
You barely miss the black mamba.
The black mamba is moderately wounded.
You feel sick. The black mamba barely misses you. The yak gores you!
* * * LOW HITPOINT WARNING * * *
The yak barely misses you.
You closely miss the black mamba.
The black mamba is moderately wounded.
The black mamba bites you but does no damage.
The yak gores you but does no damage. The komodo dragon bites you!
You die...

## #..... P♣ ....
#.###......P♣ P.. .....
........##.P♣ ♣P.........
......##.P♣♣♣P......... .
.....#..PPPPP.........
##.####....#...............
.............##..# #..#....
...........†###..###.......
.........Y@Y##.....#.......
......≈≈≈lSY.....##........
......≈≈≈≈≈#......##.#..###
......≈≈≈≈≈#.......###..#
......≈####.Y##..#..##..#
......≈ #..#...#...#..#
......≈ #...........#..#
.....≈ #...........##.# .
≈..##.8:8.#...##.


You could see a komodo dragon, a black mamba and 3 yaks.

Vanquished Creatures
  A hydra (Lair:1)
  3 two-headed ogres
  3 death yaks (D:9)
  Pikel (D:4)
  A manticore (D:12)
  A cyclops (D:11)
  2 kobold demonologists
  2 komodo dragons
  2 trolls
  A polar bear (Lair:1)
  Grinder (D:3)
  6 slime creatures
  3 blink frogs (Lair:1)
  Sigmund (D:2)
  3 shadows
  A wyvern (D:9)
  14 yaks
  A hog (D:12)
  A steam dragon (D:9)
  6 vampire mosquitoes
  Edmund (D:4)
  2 acid dragons (D:9)
  A water moccasin (Lair:1)
  Duvessa (D:4)
  3 orc warriors
  3 black bears
  An ice beast (D:7)
  2 ogres (D:6)
  4 centaurs
  A phantom (D:4)
  2 wolves
  A lemure (D:4)
  4 kobold brigands
  5 gnoll sergeants
  A bullfrog (Lair:1)
  3 scorpions
  A wyvern skeleton (D:6)
  Dowan (D:4)
  A water moccasin skeleton (D:5)
  12 killer bees
  A howler monkey (D:6)
  An electric eel (D:6)
  2 centaur zombies
  6 hounds
  2 jellies
  A bullfrog skeleton (D:6)
  3 orc priests
  4 gnoll shamans
  A scorpion zombie (D:5)
  7 orc wizards
  6 iguanas
  2 hell rats (D:9)
  A killer bee zombie (D:5)
  A hound skeleton (D:4)
  A howler monkey zombie (D:5)
  Robin (D:2)
  45 gnolls
  8 adders
  A river rat (D:9)
  A white imp (D:6)
  6 worms
  4 dart slugs
  30 orcs
  2 endoplasms
  7 giant cockroaches
  13 goblins
  15 hobgoblins
  9 jackals
  44 kobolds
  9 quokkas
  6 ball pythons
  7 bats
  A frilled lizard (D:1)
  11 rats
363 creatures vanquished.

Vanquished Creatures (collateral kills)
  2 killer bees (D:8)
2 creatures vanquished.

Vanquished Creatures (others)
  2 killer bees (D:8)
  A fungus (Lair:1)
  A plant (Lair:1)
4 creatures vanquished.

Grand Total: 369 creatures vanquished

Notes
Turn   | Place    | Note
-------+----------+-------------------------------------------
     0 | D:1      | Htamos the Demigod Fighter began the quest for the Orb.
     0 | D:1      | Reached XP level 1. HP: 18/18 MP: 3/3
   202 | D:1      | Reached XP level 2. HP: 24/25 MP: 4/4
   678 | D:1      | Reached XP level 3. HP: 30/31 MP: 5/5
  1373 | D:2      | Noticed Sigmund
  1386 | D:2      | Killed Sigmund
  1387 | D:2      | Reached XP level 4. HP: 36/40 MP: 6/6
  1387 | D:2      | Reached XP level 5. HP: 41/46 MP: 7/7
  1764 | D:3      | Noticed Robin
  1864 | D:2      | Killed Robin
  1961 | D:3      | Noticed Grinder
  2172 | D:3      | Killed Grinder
  2173 | D:3      | Reached XP level 6. HP: 47/52 MP: 8/8
  2550 | D:4      | Noticed Eustachio
  2655 | D:4      | Noticed Edmund
  2691 | D:4      | Killed Edmund
  2692 | D:4      | Reached XP level 7. HP: 58/60 MP: 9/9
  2983 | D:4      | Noticed Duvessa
  2983 | D:4      | Noticed Pikel
  3011 | D:4      | Killed Duvessa
  3021 | D:4      | Killed Pikel
  3022 | D:4      | Reached skill level 5 in Fighting
  3022 | D:4      | Reached skill level 5 in Armour
  3022 | D:4      | Reached skill level 5 in Shields
  3022 | D:4      | Reached XP level 8. HP: 67/69 MP: 10/10
  3041 | D:4      | Noticed Dowan
  3064 | D:4      | Killed Dowan
  3065 | D:4      | Reached skill level 5 in Maces & Flails
  3399 | D:5      | Entered Level 5 of the Dungeon
  4519 | D:6      | Reached XP level 9. HP: 67/75 MP: 11/11
  5755 | D:6      | Identified the +4 scale mail of the Vestibule of Hell
                  | {SInv}
  7609 | D:7      | Found a staircase to the Ecumenical Temple.
  7958 | D:7      | Identified the +5 ring mail "Enaamaki" {rPois rF+ Str-2}
  8826 | D:8      | Noticed a kobold demonologist
  8836 | D:8      | Killed a kobold demonologist
  8837 | D:8      | Reached XP level 10. HP: 82/86 MP: 13/13
  9052 | D:8      | Noticed a two-headed ogre
  9423 | D:8      | Reached skill level 1 in Evocations
  9812 | D:9      | Reached skill level 1 in Dodging
  9999 | D:9      | Noticed a death yak
 10016 | D:9      | Noticed a death yak
 10022 | D:9      | Noticed a death yak
 10050 | D:9      | Killed a death yak
 10058 | D:9      | Killed a death yak
 10060 | D:9      | Killed a death yak
 10529 | D:9      | Found a staircase to the Lair.
 10674 | D:9      | Noticed a two-headed ogre
 10729 | D:9      | Killed a two-headed ogre
 11050 | D:9      | Reached XP level 11. HP: 68/94 MP: 14/14
 11404 | D:10     | Entered Level 10 of the Dungeon
 11461 | D:10     | Identified the +1 helmet "Ximpame" {Int+3 Dex+4}
 11963 | D:10     | Identified the +10 long sword "Jusoprem" {drain, Will+}
 12027 | D:10     | Noticed a two-headed ogre
 12038 | D:10     | Killed a two-headed ogre
 12597 | D:11     | Noticed a two-headed ogre
 12606 | D:11     | HP: 3/95 [two-headed ogre (12)]
 12608 | D:11     | Killed a two-headed ogre
 13027 | D:11     | Found a staircase to the Orcish Mines.
 14150 | Lair:1   | Entered Level 1 of the Lair of Beasts
 14287 | Lair:1   | Noticed a six-headed hydra
 14291 | Lair:1   | Reached skill level 5 in Dodging
 14298 | Lair:1   | Killed a six-headed hydra
 14299 | Lair:1   | Reached skill level 5 in Evocations
 14539 | Lair:1   | HP: 5/145 [yak (7)]
 14540 | Lair:1   | Mangled by a komodo dragon

Illustrated notes

Levels and vault maps discovered:
D:1:      wheals_arrival_shading, layout_rooms
D:2:      layout_basic, chequers_ecumenical_altar_island, uniq_sigmund
D:3:      layout_rooms, old_standard_altar, mainiacjoe_overflow_surrounded_room,
          xom_butterflies, nicolae_wormholes, uniq_robin, uniq_grinder
D:4:      layout_rooms, uniq_duvessa, uniq_edmund, uniq_eustachio, uniq_pikel
D:5:      layout_loops_ring, minmay_between
D:6:      minmay_goblin_kobold_castle, layout_cave_pools, serial_gnoll_camp,
          gnoll_camp_medium_01, gnoll_camp_medium_02, gnoll_camp_mini_basic,
          gnoll_camp_mini_house, serial_bayou_pond_e
D:7:      layout_layer_cave, minmay_temple_entry_large_hall
D:8:      layout_loops_corners
D:9:      layout_irregular_city, kennysheep_little_box, dpeg_lair_monsters
D:10:     layout_loops_cross
D:11:     layout_cave_pools, erik_orc_4
D:12:     layout_cave_pools, eino_jars, uniq_kirke
Lair:1:   layout_gridlike, grunt_forest_small_clearings, beast_lair_carwin_1,
          serial_bayou_shore_b, grunt_megastairs_2, lemuel_fruit_tree

Skill      XL: |  1  2  3  4  5  6  7  8  9 10 11 |
---------------+----------------------------------+-----
Maces & Flails | 2 3 4 5 7 8 |  8.9
Fighting       | 3 4 5 6 7 8 9 |  9.1
Armour         | 3 4 5 6 7 8 9 |  9.1
Shields        | 3 4 5 6 7 8 9 |  9.1
Evocations     | 3 5 |  5.0
Dodging        | 3 5 |  5.2

Action                   |  1- 3 |  4- 6 |  7- 9 | 10-12 || total
-------------------------+-------+-------+-------+-------++-------
Melee: Flail             |   146 |   189 |       |       ||   335
       Dire flail        |       |       |   557 |   468 ||  1025
Evoke: Piece from Xom's  |       |    14 |     3 |     3 ||    20
       Wand              |       |       |       |    28 ||    28
  Use: Potion            |     1 |     3 |     5 |     5 ||    14
       Scroll            |     1 |     2 |     4 |     7 ||    14
 Stab: Petrified         |       |    21 |     2 |       ||    23
       Paralysed         |       |       |       |     9 ||     9
Armor: Scale mail        |    18 |       |    73 |    51 ||   142
       Chain mail        |    96 |   161 |   341 |       ||   598
       Skin              |       |       |     6 |    16 ||    22
       Ring mail         |       |       |       |    83 ||    83
Dodge: Dodged            |    74 |    84 |   389 |   338 ||   885
Block: Buckler           |    40 |    53 |       |       ||    93

Table legend: (Time is in decaauts)
 A = Elapsed time spent in this place.
 B = Non-inter-level travel time spent in this place.
 C = Inter-level travel time spent in this place.
 D = Time resting spent in this place.
 E = Time spent auto-exploring this place.
 F = Levels seen in this place.
 G = Mean time per level.
                   A        B        C        D        E       F      G
               +--------+--------+--------+--------+--------+-----+--------+
         Total |  14620 |  14289 |    331 |   2017 |   9113 |  13 | 1124.6 |
       Dungeon |  14243 |  13912 |    331 |   2017 |   8852 |  12 | 1186.9 |
          Lair |    377 |    377 |      0 |      0 |    261 |   1 |  377.0 |
               +--------+--------+--------+--------+--------+-----+--------+

Top non-repeatable levels by time:
     D:6: 1919 daAuts
     D:7: 1741 daAuts
     D:9: 1634 daAuts
     D:5: 1563 daAuts
    D:11: 1296 daAuts
    D:10: 1136 daAuts
     D:1: 1129 daAuts
     D:8: 1085 daAuts
     D:2: 1036 daAuts
     D:4: 899 daAuts
     D:3: 544 daAuts
  Lair:1: 377 daAuts
    D:12: 257 daAuts
